cohdb
Replays
Latest Replays
All Replays
Popular Replays
Top Player Replays
Match Explorer
How It Works
Community
CoH3 Stats
Reddit
Sign in to upload your games and track your stats! →
Sign in with Steam
Match 48590853
Unlisted
Match 48590853
Overview
Messages
Build Orders
End
Construct Section Command Post
Selects Indian Artillery Battlegroup
Vickers Machine Gun Team
Infantry Section
ML 3-inch Mortar Team
Construct Platoon Command Post
Selects War Cry
Humber Armored Car
Selects Gurkha Rifles Section
Gurkha Rifles Section
Gurkha Rifles Section
6-pounder Anti-tank Gun Team
Gurkha Rifles Section
Construct Company Command Post
Infantry Training
Selects Volunteer Infantry
War Cry
Unlock M3 Grant Medium Tanks
M3 Grant Medium Tank
Selects Artillery Saturation
War Cry
M3 Grant Medium Tank
Foot Guards Section
Selects Off-map Airburst Barrage
War Cry
M3 Grant Medium Tank
Selects Perimeter Monitor
Armored Vehicle Training
Off-map Airburst Barrage
M3 Grant Medium Tank
Off-map Airburst Barrage
M3 Grant Medium Tank
War Cry
Weebanori
tethuya
GATE
Bubbciss
MiserLou
DaMerkKid
粉笔
Not Perfect
0
0
Comments
sign in to comment!
No comments posted yet!